AoeStats
← KaLong

Fortress

507209972Analyzed
4v4 RM · 16d ago on Sep 17, 2026· 48m 17s· 8 players
Game mode
Random Map
Map size
Huge
Population
200
Speed
Normal
Resources
Standard
Victory
Conquest
Starting age
Dark Age
Ending age
Imperial Age
RankedLock teamsTeams togetherTeam positionsShared explorationLock speedFull tech treeHidden civsTurbo modeCheats
Victory
Defeat
🇺🇸 Dravidians · United States
1734
+12
🇺🇸 Bohemians · United States
1613
+17
🇨🇳 Berbers · China
1610
+17
🇻🇳 Goths · Vietnam
1529
+20
🇺🇸 Spanish · United States
1700
-19
🇺🇸 Italians · United States
1668
-18
🇭🇰 Hindustanis · Hong Kong SAR China
1649
-17
🇺🇸 Bohemians · United States
1527
-12
AttilathePun463
2:05 Loom
7:32 Feudal Age
11:10 Castle Age
9:31 Double-Bit Axe
9:32 Loom
9:56 Horse Collar
10:26 Loom
11:17 Loom
14:27 Bow Saw
16:19 Fervor
21:21 Loom
33:47 Wheelbarrow
36:02 Imperial Age
33:31 Fletching
38:47 Chemistry
44:57 Hand Cart
46:10 Ballistics
45:47 Bodkin Arrow
45:56 Scale Mail Armor
47:23 Caravan
Lastmantillidie
6:27 Feudal Age
10:39 Castle Age
8:37 Double-Bit Axe
9:26 Horse Collar
11:46 Bow Saw
11:59 Heavy Plow
17:56 Wheelbarrow
19:20 Gold Mining
19:48 Hand Cart
20:38 Stone Mining
21:06 Loom
24:51 Imperial Age
23:10 Fletching
23:20 Padded Archer Armor
24:17 Thumb Ring
24:40 Bodkin Arrow
25:06 Leather Archer Armor
26:00 Ballistics
25:45 Husbandry
25:52 Elite Elephant Archer
27:39 Chemistry
27:57 Two-Man Saw
28:23 Conscription
28:38 Guilds
28:47 Bracer
31:57 Medical Corps
35:22 Ring Archer Armor
34:40 Elite Skirmisher
36:18 Caravan
37:54 Murder Holes
40:07 Coinage
41:24 Coinage
43:25 Banking
43:52 Hoardings
45:22 Masonry
45:33 Bombard Tower
46:25 Scale Barding Armor
46:42 Wootz Steel
46:36 Forging
小白
7:40 Feudal Age
11:30 Castle Age
9:28 Double-Bit Axe
9:43 Horse Collar
13:19 Loom
13:49 Bow Saw
17:44 Scale Barding Armor
19:31 Chain Barding Armor
19:15 Husbandry
21:37 Bloodlines
22:23 Heavy Plow
22:55 Forging
26:18 Wheelbarrow
27:07 Iron Casting
28:37 Hand Cart
28:15 Gold Mining
31:38 Imperial Age
29:29 Fletching
30:00 Ballistics
30:24 Padded Archer Armor
30:36 Bodkin Arrow
31:15 Thumb Ring
32:22 Bracer
32:27 Kasbah
32:48 Conscription
33:30 Chemistry
33:32 Crop Rotation
33:18 Leather Archer Armor
33:24 Elite Camel Archer
34:23 Maghrebi Camels
36:36 Ring Archer Armor
37:29 Plate Barding Armor
36:15 Light Cavalry
37:56 Hussar
39:26 Hoardings
41:03 Murder Holes
42:17 Siege Engineers
42:20 Treadmill Crane
42:50 Masonry
44:01 Blast Furnace
45:13 Coinage
47:42 Town Watch
48:38 Banking
ChangT
7:30 Feudal Age
8:46 Double-Bit Axe
11:08 Castle Age
8:59 Loom
9:41 Gold Mining
12:13 Bow Saw
18:03 Wheelbarrow
18:58 Horse Collar
20:11 Heavy Plow
21:46 Hand Cart
25:41 Imperial Age
23:20 Squires
23:34 Town Watch
24:08 Scale Mail Armor
24:31 Forging
23:42 Pikeman
25:19 Chain Mail Armor
25:33 Anarchy
26:22 Iron Casting
26:51 Conscription
26:24 Halberdier
28:24 Two-Man Saw
27:55 Crop Rotation
27:13 Capped Ram
28:24 Perfusion
29:56 Blast Furnace
30:23 Elite Huskarl
32:24 Fletching
37:20 Chemistry
38:18 Ballistics
43:02 Caravan
45:07 Bodkin Arrow
嗚
7:47 Feudal Age
11:23 Castle Age
9:19 Double-Bit Axe
9:21 Horse Collar
10:14 Gold Mining
12:24 Bow Saw
12:02 Loom
17:51 Wheelbarrow
18:39 Bloodlines
18:33 Padded Archer Armor
21:32 Hand Cart
26:31 Imperial Age
24:01 Stone Mining
24:17 Husbandry
25:05 Leather Archer Armor
26:19 Stone Shaft Mining
26:07 Heavy Plow
26:56 Fletching
27:33 Conscription
27:34 Elite Conquistador
29:07 Ring Archer Armor
29:37 Caravan
30:22 Guilds
32:07 Supremacy
41:36 Guilds
BomBomB0
7:58 Feudal Age
9:25 Double-Bit Axe
11:56 Castle Age
9:39 Horse Collar
12:57 Bow Saw
13:55 Bow Saw
14:19 Heavy Plow
19:53 Loom
20:45 Wheelbarrow
21:08 Gold Mining
21:28 Town Watch
24:39 Imperial Age
22:53 Fletching
23:03 Padded Archer Armor
23:39 Ballistics
23:51 Hand Cart
23:36 Stone Mining
24:34 Bodkin Arrow
24:55 Leather Archer Armor
24:37 Elite Skirmisher
26:24 Chemistry
25:26 Bracer
25:56 Thumb Ring
26:41 Ring Archer Armor
26:53 Conscription
27:40 Two-Man Saw
27:49 Pirotechnia
29:15 Hoardings
32:11 Caravan
32:44 Elite Genoese Crossbowman
35:57 Coinage
36:43 Banking
35:53 Elite Genoese Crossbowman
40:48 Silk Road
KaLong
8:22 Feudal Age
12:27 Castle Age
10:31 Double-Bit Axe
13:24 Wagenburg Tactics
15:29 Bow Saw
24:45 Horse Collar
30:25 Heavy Plow
37:54 Imperial Age
37:51 Chemistry
42:53 Houfnice
44:11 Wheelbarrow
44:10 Fortified Wall
43:27 Elite Skirmisher
44:00 Pikeman
45:14 Forging
45:05 Scale Mail Armor
44:54 Halberdier
Morris=w=
7:23 Feudal Age
11:14 Castle Age
9:36 Double-Bit Axe
9:34 Horse Collar
12:18 Bow Saw
13:32 Scale Barding Armor
16:00 Loom
21:12 Heavy Plow
21:59 Stone Mining
23:36 Town Watch
24:16 Gold Mining
27:58 Imperial Age
26:06 Wheelbarrow
26:09 Scale Barding Armor
26:47 Forging
27:26 Chain Barding Armor
27:24 Hand Cart
28:14 Bloodlines
28:05 Husbandry
28:02 Heavy Camel Rider
29:08 Conscription
31:20 Plate Barding Armor
33:25 Two-Man Saw
32:11 Imperial Camel Rider
33:51 Iron Casting
34:09 Light Cavalry
35:55 Caravan
39:58 Blast Furnace
40:30 Grand Trunk Road
40:34 Scale Mail Armor
41:14 Squires
41:35 Chain Mail Armor
41:28 Elite Ghulam
43:56 Coinage
46:31 Banking
Connection lost

Rejoining the realm…

Still unreachable

The connection could not be restored.

Session expired

The server has moved on; the page needs a fresh start.